 Dungeon Crawl Stone Soup version 0.19.1 (webtiles) character file.

30 esteth the Skirmisher (level 3, -2/30 HPs)
             Began as a Formicid Abyssal Knight on Dec 19, 2016.
             Was a Follower of Lugonu.
             Killed from afar by Natasha (9 damage)
             ... with a magic dart
             ... on level 1 of the Dungeon.
             The game lasted 00:03:19 (1146 turns).

esteth the Skirmisher (Formicid Abyssal Knight)     Turns: 1146, Time: 00:03:20

Health: -2/30      AC:  3    Str: 17    XL:     3   Next: 37%
Magic:  4/4        EV: 10    Int: 11    God:    Lugonu [*.....]
Gold:   67         SH:  3    Dex: 10    Spells: 0 memorised, 2 levels left

rFire  . . .     SeeInvis +     a - +1 hand axe
rCold  . . .     Gourm    .     b - +0 leather armour
rNeg   . . .     Faith    .     i - +0 buckler
rPois  .         Spirit   .     (helmet unavailable)
rElec  .         Reflect  .     (no cloak)
rCorr  .         Harm     .     (no gloves)
MR     .....                    (no boots)
Stlth  +.........               (no amulet)
                                (no ring)
                                (no ring)

@: no status effects
A: permanent stasis, dig shafts and tunnels, four strong arms, antennae 3
a: Dig, Shaft Self, Depart the Abyss, Renounce Religion


You were on level 1 of the Dungeon.
You worshipped Lugonu.
Lugonu was aware of your devotion.
You were hungry.

You visited 1 branch of the dungeon, and saw 2 of its levels.
You visited the Abyss 1 time.

You collected 67 gold pieces.

Inventory:

Hand Weapons
 a - a +1 hand axe (weapon)
Armour
 b - a +0 leather armour (worn)
 i - a +0 buckler (worn)
Scrolls
 e - 2 scrolls of noise {unknown}
 f - a scroll of teleportation {unknown}
 g - 2 scrolls of identify {unknown}
 h - 4 scrolls of enchant weapon {unknown}
Potions
 d - a potion of lignification {unknown}
 l - a potion of haste {unknown}
Comestibles
 c - a bread ration
 k - a meat ration


   Skills:
 + Level 3.7 Fighting
 * Level 2.4 Axes
 + Level 2.6 Armour
 + Level 1.1 Dodging
 + Level 0.0 Shields
 + Level 2.4 Invocations


You had 2 spell levels left.
You didn't know any spells.

Dungeon Overview and Level Annotations

Branches:
Dungeon (2/15)

Altars:

Annotations:
D:1 Natasha


Innate Abilities, Weirdness & Mutations

You are under a permanent stasis effect.
You can dig through walls and to a lower floor.
Your four strong arms can wield two-handed weapons with a shield.
You have a pair of large antennae on your head. (SInv)


Message History

There is a stone staircase leading up here.
Natasha closely misses you.
You climb upwards.
There is a stone staircase leading down here.
It was a potion of curing.
You feel better.
Natasha casts a spell.
Your shield and leather armour prevent you from hitting Natasha.
Natasha mumbles some strange words.
Natasha shimmers violently.
Natasha barely misses you.
You hit Natasha.
Natasha is lightly wounded.
Natasha claws you.
* * * LOW HITPOINT WARNING * * *
The crimson imp shouts, "Go and return not, thou paunchy dizzy-eyed coxcomb!"
You closely miss Natasha.
Natasha is lightly wounded.
Natasha stares at you and mumbles some strange words.
The magic dart hits you!
You die...

#.#.####### #.##.#
..........# #.##.#
########..# #.##.#
...#..<#..# ###.##.#
#..#...#..# #...##.#
...#'###..#####.##.#
8....#.#........##.#
..#..#.#.#########.#
####.'.#......5h@#.#
..#..#.#.#########.#
8....#.#.# #......#
...#'###.# #.######
#..#...#.####.#
...#...#......#
########.######
.........#
##.#######


You could see Natasha and a crimson imp.

Vanquished Creatures
  An ooze (D:1)
  2 leopard geckos (D:1)
  3 bats (D:1)
  2 giant cockroaches (D:1)
  A goblin (D:1)
  A kobold (D:1)
  A ball python (D:1)
  12 frilled lizards (D:1)
  4 rats (D:1)
27 creatures vanquished.

Notes
Turn   | Place    | Note
-------+----------+-------------------------------------------
     0 | Abyss:1  | esteth the Formicid Abyssal Knight began the quest for the Orb.
     0 | Abyss:1  | Reached XP level 1. HP: 18/18 MP: 2/2
    64 | Abyss:1  | Noticed a tentacled starspawn
    65 | D:1      | Escaped the Abyss
    83 | D:1      | Reached skill level 1 in Dodging
   322 | D:1      | Reached XP level 2. HP: 24/24 MP: 3/3
   332 | D:1      | Reached * piety under Lugonu
   598 | D:1      | Reached XP level 3. HP: 29/29 MP: 4/4
  1115 | D:2      | Noticed Natasha
  1131 | D:2      | HP: 1/30 [Natasha/magic dart (6)]
  1146 | D:1      | Killed from afar by Natasha

Skill      XL: |  1 |
---------------+----+-----
Dodging        | 1 |  1.1
Fighting       | |  3.7
Axes           | |  2.4
Armour         | |  2.6
Invocations    | |  2.4

Action                   || total
-------------------------++-------
Melee: Hand axe          ||    82
Invok: Depart the Abyss  ||     1
 Abil: Dig               ||     1
  Use: Potion            ||     1
Armor: Leather armour    ||    46
Dodge: Dodged            ||    56
Block: Buckler           ||     3
